 Dungeon Crawl Stone Soup version 0.19-a0-1899-g2d93087 (webtiles) character file.

9079 dobroeutro the Quickloader (level 11, 0/74 HPs)
             Began as a Kobold Hunter on Oct 19, 2016.
             Was a High Priest of Okawaru.
             Succumbed to a killer bee's poison
             ... on level 11 of the Dungeon.
             The game lasted 00:25:08 (12861 turns).

dobroeutro the Quickloader (Kobold Hunter)         Turns: 12861, Time: 00:25:10

Health: 0/74       AC:  8    Str: 11    XL:     11   Next: 67%
Magic:  10/11      EV: 16    Int: 12    God:    Okawaru [*****.]
Gold:   467        SH:  6    Dex: 18    Spells: 0 memorised, 10 levels left

rFire  + + .     SeeInvis +     z - +6 long sword of Courage {slice, rPois}
rCold  + + .     Gourm    .     y - +2 leather armour {rF+}
rNeg   . . .     Faith    .     u - +1 buckler {reflect}
rPois  +         Spirit   .     (no helmet)
rElec  .         Reflect  +     r - +2 cloak {MR+}
rCorr  .         Harm     .     (no gloves)
MR     +....                    (no boots)
Stlth  ++........               B - amulet of rage
                                A - ring of protection from cold
                                K - ring of see invisible

@: lethally poisoned (0 -> -2), exhausted, very slightly contaminated, slowed,
very slow
A: carnivore 3, cold resistance 1, fire resistance 1, subdued magic 1
a: Heroism, Finesse, Renounce Religion, Evoke Berserk Rage


You were on level 11 of the Dungeon.
You worshipped Okawaru.
Okawaru was extremely pleased with you.
You were full.

You visited 1 branch of the dungeon, and saw 11 of its levels.

You collected 467 gold pieces.

Inventory:

Hand Weapons
 a - a +2 hand crossbow
 g - a +2 short sword of draining
 z - the +6 long sword of Courage (weapon) {slice, rPois}
   (You found it on level 5 of the Dungeon)

   It inflicts extra damage upon your enemies.
   It protects you from poison.
Missiles
 d - 73 bolts
Armour
 r - a +2 cloak of magic resistance (worn)
 u - a +1 buckler of reflection (worn)
 y - a +2 leather armour of fire resistance (worn)
Jewellery
 m - an uncursed ring of protection from cold
 q - an uncursed ring of fire
 t - a +2 ring of protection
 A - a ring of protection from cold (right hand)
 B - an amulet of rage (around neck)
 K - a ring of see invisible (left hand)
Wands
 n - a wand of iceblast (12/15)
 C - a wand of random effects (15/48)
 D - a wand of confusion (18/48)
 E - a wand of flame (34/48)
 F - a wand of polymorph (11/24)
Scrolls
 b - 3 scrolls of teleportation
 h - 3 scrolls of enchant armour
 i - 10 scrolls of identify
 k - 4 scrolls of immolation
 o - a scroll of remove curse
 s - 3 scrolls of random uselessness
 w - a scroll of blinking
 I - a scroll of recharging
Potions
 c - a potion of agility
 e - a potion of might
Books
 H - a book of Cantrips

   Spells                             Type                      Level
   a - Confusing Touch                Hexes                        1
   b - Animate Skeleton               Necromancy                   1
   c - Summon Small Mammal            Summoning                    1
   d - Apportation                    Translocation                1
Comestibles
 f - 4 meat rations
 j - 4 slices of pizza
 v - 5 beef jerkies
 L - a royal jelly


   Skills:
 + Level 11.0 Fighting
 - Level 6.8(9.8) Short Blades
 + Level 7.1(7.7) Long Blades
 + Level 12.4 Crossbows
 - Level 4.2 Dodging
 - Level 1.3 Stealth


You had 10 spell levels left.
You didn't know any spells.

Dungeon Overview and Level Annotations

Branches:
Dungeon (11/15)            Temple (0/1) D:4            Lair (0/6) D:9
    Orc (0/2) D:10

Altars:
Ashenzari
Cheibriados
Hepliaklqana
Kikubaaqudgha
Nemelex Xobeh
Okawaru
Qazlal
Ru
Vehumet

Shops:
D:7 [

Annotations:
D:5 Philosophy's ghost, novice CeHu


Innate Abilities, Weirdness & Mutations

You are small and have problems with some larger weapons.
You are carnivorous and can eat meat at any time.
Your flesh is cold resistant. (rC+)
Your flesh is heat resistant. (rF+)
Your spells are a little easier to cast, but a little less powerful.


Message History

You fail to use your ability.
* * * LOW HITPOINT WARNING * * *
You feel sick.
A red film seems to cover your vision as you go berserk!
You feel yourself moving faster!
You feel mighty!
You feel a lot less full.
You feel like a meek peon again.
You feel a strong urge to attack something.
* * * LOW HITPOINT WARNING * * *
You feel sick.
You feel your anger subside.
* * * LOW HITPOINT WARNING * * *
You feel sick.
You are no longer berserk.
You are exhausted.
You feel yourself slow down.
You're too exhausted to go berserk.
You're too exhausted to go berserk.
* * * LOW HITPOINT WARNING * * *
You feel sick.
You die...

#.#.+...'.## #...#...#..#
#.#.##'##.#### * *****
##########............# * ,,,,*
#..........#.#.#[#.#..#*** ,,,,*
#........)[..[........#*>+ ,,,,*
#.........#...........#*,*
,,,,***#........<#...........#*,*
,,,,,,*#........@#....[).....#,,*
,,,,*............#...........+,**
,,,,*###..(......#...........#***
,,,,* #.........##..........# *
***** ##+#################'## *
*,* **.# ** *,**** ***,,# ,*
*,,,,* **,,,** ,**** ****,***
***,,***


There were no monsters in sight!

Vanquished Creatures
  A gargoyle (D:9)
  A queen bee (D:10)
  A troll (D:9)
  Grinder (D:4)
  A hippogriff (D:10)
  A hornet (D:7)
  A spriggan (D:7)
  10 yaks
  A shadow (D:11)
  2 phantoms
  2 sky beasts
  An eye of draining (D:7)
  3 black bears
  3 ice beasts
  4 orc warriors
  6 ogres
  2 centaurs
  A crocodile (D:9)
  4 bullfrogs
  4 scorpions
  A water moccasin skeleton (D:9)
  28 killer bees
  2 howler monkeys (D:9)
  4 electric eels (D:10)
  6 crimson imps
  A jelly (D:11)
  A bullfrog zombie (D:5)
  7 orc priests
  8 hounds
  Crazy Yiuf (D:6)
  2 bullfrog skeletons
  12 orc wizards
  7 iguanas
  10 worker ants
  4 hound skeletons
  A howler monkey skeleton (D:4)
  7 gnolls
  9 adders
  A shadow imp (D:6)
  3 oozes
  2 adder zombies
  5 worms
  3 dart slugs (D:1)
  7 leopard geckos
  39 orcs
  4 giant cockroaches
  8 goblins
  14 hobgoblins
  9 jackals
  10 quokkas
  2 ball pythons
  7 bats
  7 frilled lizards
  11 kobolds
  A quokka zombie (D:6)
  9 rats
303 creatures vanquished.

Vanquished Creatures (others)
  A human (D:4)
  A jackal (D:10)
2 creatures vanquished.

Grand Total: 305 creatures vanquished

Notes
Turn   | Place    | Note
-------+----------+-------------------------------------------
     0 | D:1      | dobroeutro the Kobold Hunter began the quest for the Orb.
     0 | D:1      | Reached XP level 1. HP: 12/12 MP: 1/1
    91 | D:1      | Reached skill level 5 in Crossbows
    91 | D:1      | Reached XP level 2. HP: 5/18 MP: 2/2
   407 | D:1      | Reached skill level 1 in Short Blades
   504 | D:1      | Reached XP level 3. HP: 22/22 MP: 3/3
   891 | D:1      | Reached XP level 4. HP: 27/27 MP: 4/4
   987 | D:2      | Found an iron altar of Okawaru.
   998 | D:2      | Became a worshipper of Warmaster Okawaru
  1163 | D:2      | Found a radiant altar of Vehumet.
  1165 | D:2      | Found a snail-covered altar of Cheibriados.
  1165 | D:2      | Found an iron altar of Okawaru.
  1166 | D:2      | Found a sparkling altar of Nemelex Xobeh.
  1166 | D:2      | Found an ancient bone altar of Kikubaaqudgha.
  1914 | D:2      | Reached XP level 5. HP: 32/32 MP: 5/5
  2055 | D:3      | Reached XP level 6. HP: 23/37 MP: 6/6
  2279 | D:3      | Reached skill level 6 in Crossbows
  2577 | D:3      | Reached * piety under Okawaru
  3045 | D:4      | Noticed an orc warrior
  3268 | D:4      | Found an ancient bone altar of Kikubaaqudgha.
  3269 | D:4      | Noticed a human
  3271 | D:4      | Killed a human
  3290 | D:4      | Noticed an ogre
  3298 | D:4      | Killed an ogre
  3298 | D:4      | Reached XP level 7. HP: 43/43 MP: 7/7
  3391 | D:4      | Reached skill level 5 in Short Blades
  3654 | D:4      | Found a staircase to the Ecumenical Temple.
  3668 | D:4      | Found a shattered altar of Ashenzari.
  3753 | D:4      | Reached skill level 7 in Crossbows
  3785 | D:4      | Noticed Grinder
  3797 | D:4      | Paralysed by Grinder for 6 turns
  3809 | D:4      | Killed Grinder
  3809 | D:4      | Reached ** piety under Okawaru
  3809 | D:4      | Reached skill level 5 in Fighting
  3809 | D:4      | Reached XP level 8. HP: 10/49 MP: 8/8
  4479 | D:5      | Entered Level 5 of the Dungeon
  5136 | D:5      | Reached skill level 8 in Crossbows
  5150 | D:5      | Noticed Philosophy's ghost (novice CeHu)
  5498 | D:5      | Got an ivory long sword
  5514 | D:5      | Identified the +6 long sword of Courage {slice, rPois} (You found it on level 5 of the Dungeon)
  5652 | D:6      | Reached skill level 1 in Long Blades
  5687 | D:6      | Found a sacrificial altar of Ru.
  5812 | D:6      | Reached XP level 9. HP: 56/56 MP: 9/9
  5980 | D:6      | Found a runed door.
  6024 | D:6      | Noticed Crazy Yiuf
  6028 | D:6      | Killed Crazy Yiuf
  6534 | D:7      | Reached *** piety under Okawaru
  6541 | D:7      | Reached skill level 9 in Crossbows
  6620 | D:7      | Got a bloodstained longbow
  6805 | D:7      | Found a hazy altar of Hepliaklqana.
  6900 | D:7      | Noticed a hornet
  6905 | D:7      | Killed a hornet
  6905 | D:7      | Reached **** piety under Okawaru
  6914 | D:7      | Found Guzo's Antique Armour Shop.
  7221 | D:8      | Reached XP level 10. HP: 50/64 MP: 10/10
  7259 | D:8      | Reached skill level 10 in Crossbows
  7355 | D:8      | Received a gift from Okawaru
  7599 | D:8      | Found a stormy altar of Qazlal.
  8262 | D:9      | Received a gift from Okawaru
  8262 | D:9      | Reached skill level 5 in Long Blades
  8543 | D:9      | Found a staircase to the Lair.
  8603 | D:9      | Noticed a gargoyle
  8614 | D:9      | Killed a gargoyle
  8614 | D:9      | Received a gift from Okawaru
  8614 | D:9      | Reached skill level 11 in Crossbows
  8987 | D:9      | Gained mutation: Your flesh is cold resistant. (rC+) [potion of mutation]
  8987 | D:9      | Gained mutation: Your spells are a little easier to cast, but a little less powerful. [potion of mutation]
  8987 | D:9      | Gained mutation: Your flesh is heat resistant. (rF+) [potion of mutation]
  9377 | D:9      | Reached ***** piety under Okawaru
  9394 | D:9      | Reached XP level 11. HP: 48/72 MP: 9/11
  9401 | D:9      | Reached skill level 10 in Fighting
  9944 | D:10     | Entered Level 10 of the Dungeon
 10252 | D:10     | Found a staircase to the Orcish Mines.
 10908 | D:10     | Reached skill level 12 in Crossbows
 11516 | D:10     | Received a gift from Okawaru
 12807 | D:10     | Received a gift from Okawaru
 12854 | D:11     | HP: 3/74 [poisoned by a killer bee]
 12860 | D:11     | HP: 1/74 [poisoned by a killer bee]
 12861 | D:11     | Succumbed to a killer bee's poison

Vault maps used:
D:1:      moated_graveyard_arrival, minmay_misc_feat_diagonals
D:2:      grunt_temple_overflow_open, okawaru_gym_becter
D:3:      first_bread
D:4:      lemuel_crystal_altar, minmay_misc_feat_square, tgw_kikubaaqudgha,
          uniq_grinder
D:6:      nicolae_ru_path_of_blood, uniq_crazy_yiuf_cottage
D:7:      minmay_blocky_corners, enter_ossuary_1, serial_shops,
          nicolae_shop_overgrown_old_shop, the_bakery, lemuel_tele_altar
D:8:      grunt_qazlal_sundering
D:9:      david_lair_generic
D:10:     orc_0_dummy, special_room, uniq_gastronok
D:11:     minmay_item_behind_shaft, grunt_ministairs_10, serial_bayou_pond_e,
          minmay_misc_feat_doors, uniq_fannar

Skill      XL: |  1  2  3  4  5  6  7  8  9 10 11 |
---------------+----------------------------------+-----
Crossbows      | 5 6 7 8 9 11 12 | 12.4
Short Blades   | 1 2 3 4 6 |  6.8
Dodging        | 3 4 |  4.2
Fighting       | 3 4 5 6 8 9 11 | 11.0
Long Blades    | 1 4 5 7 |  7.1
Stealth        | |  1.3

Action                   |  1- 3 |  4- 6 |  7- 9 | 10-12 || total
-------------------------+-------+-------+-------+-------++-------
Melee: Short sword       |    83 |   179 |   100 |       ||   362
       Long sword        |       |       |   156 |   348 ||   504
 Fire: Hand crossbow     |     1 |    30 |    72 |   124 ||   227
Invok: Heroism           |       |       |     1 |     6 ||     7
 Abil: Evoke Berserk Rag |       |       |       |     1 ||     1
  Use: Potion            |       |       |     1 |     5 ||     6
       Scroll            |       |       |    10 |     6 ||    16
 Stab: Sleeping          |     2 |     2 |     7 |       ||    11
  Eat: Chunk             |     2 |     6 |    20 |    16 ||    44
Armor: Leather armour    |    18 |    23 |    63 |   104 ||   208
Dodge: Dodged            |    61 |   118 |   169 |   321 ||   669
Block: Buckler           |       |    14 |    73 |   128 ||   215
       Reflection        |       |       |     1 |     2 ||     3
       Rpst.: Long sword |       |       |    30 |    81 ||   111
